 Dungeon Crawl Stone Soup version 0.29-a0-378-gc08b2e8bf8 (webtiles) character file.

Game seed: 1148821905072029098

973 Bruhh the Ogre Mage (level 8, -3/99 (100) HPs)
             Began as an Ogre Earth Elementalist on May 5, 2022.
             Was an Initiate of Cheibriados.
             Slain by an orc
             ... wielding a +0 mace
              (4 damage)
             ... on level 7 of the Dungeon.
             The game lasted 00:11:13 (5229 turns).

Bruhh the Ogre Mage (Ogre Earth Elementalist)       Turns: 5229, Time: 00:11:14

HP:   -3/99 (100)   AC: 24    Str: 13 (14) XL:     8   Next: 16%
MP:   17/17         EV:  1    Int: 17 (19) God:    Cheibriados [......]
Gold: 238           SH:  0    Dex:  7 (10) Spells: 15/19 levels left

rFire   . . .      SeeInvis .   s - +0 hand axe (vorpal)
rCold   . . .      Faith    .   (no shield)
rNeg    . . .      Spirit   .   (body armour currently unavailable)
rPois   +          Reflect  .   (helmet currently unavailable)
rElec   .          Harm     .   (cloak currently unavailable)
rCorr   .          Rampage  .   (gloves unavailable)
Will    .....      Clarity  +   (boots unavailable)
Stlth   +......... NoTele   +   (no amulet)
HPRegen 0.26/turn               (no ring)
MPRegen 0.15/turn               (no ring)

@: tree-form, attractive, lightly drained, very slow
A: stationary, stasis, torment immunity, boosted hp, large, unfitting armour,
(tough skin 1), clarity, deterioration 1
a: Renounce Religion


You were on level 7 of the Dungeon.
You worshipped Cheibriados.
Cheibriados was noncommittal.
You were a tree.
You visited 2 branches of the dungeon, and saw 8 of its levels.

You collected 238 gold pieces.

Inventory:

Hand Weapons
 s - a +0 vorpal hand axe (weapon)
Missiles
 a - 45 stones
Armour
 b - a +0 robe (melded)
Jewellery
 p - an amulet of guardian spirit
 r - a +4 ring of protection
Wands
 v - a wand of paralysis (8)
 w - a wand of iceblast (2)
 y - a wand of flame (17)
Scrolls
 d - 3 scrolls of teleportation
 g - 2 scrolls of enchant armour {unknown}
 h - 4 scrolls of identify {unknown}
 i - a scroll of enchant weapon {unknown}
 j - a scroll of torment {unknown}
 m - 2 scrolls of summoning {unknown}
 o - a scroll of poison {unknown}
 t - a scroll of blinking {unknown}
Potions
 c - 2 potions of magic
 e - 3 potions of degeneration
 f - a potion of flight
 q - a potion of mutation


   Skills:
 - Level 1.7 Dodging
 - Level 1.4 Stealth
 - Level 6.0 Spellcasting
 * Level 5.4 Conjurations
 - Level 0.8 Transmutations
 - Level 5.0 Earth Magic


You had 15 spell levels left.
You knew the following spells:

 Your Spells              Type           Power      Damage    Failure   Level
a - Sandblast             Erth           44%        2d11      1%          1
b - Stone Arrow           Conj/Erth      44%        3d9       4%          3

Your spell library contained the following spells:

 Spells                   Type           Power      Damage    Failure   Level
 Magic Dart               Conj           92%        1d7       1%          1
 Searing Ray              Conj           46%        2d6       1%          2
 Passwall                 Tmut/Erth      12%        N/A       6%          2
 Blink                    Tloc           10%        N/A       19%         2
 Call Imp                 Summ           5%         N/A       19%         2
 Corpse Rot               Necr/Air       10%        N/A       19%         2
 Poisonous Vapours        Pois/Air       10%        N/A       19%         2
 Mephitic Cloud           Conj/Pois/Air  11%        N/A       19%         3
 Ignite Poison            Fire/Tmut/Pois 6%         N/A       34%         3
 Petrify                  Tmut/Erth      15%        N/A       36%         4
 Fulminant Prism          Conj/Hex       7%         3d7       38%         4
 Freezing Cloud           Conj/Ice/Air   5%         6-21      86%         5
 Manifold Assault         Tloc           5%         N/A       98%         5
 Storm Form               Tmut/Air       3%         N/A       100%        7


Dungeon Overview and Level Annotations

Branches:
Dungeon (8/15)             Temple (1/1) D:4
   Lair: D:8-11

Altars:
Ashenzari
Cheibriados
Dithmenos
Elyvilon
Fedhas
Hepliaklqana
Kikubaaqudgha
Makhleb
Nemelex Xobeh
Okawaru
Trog
Vehumet
Xom
Yredelemnul
Zin

Annotations:
D:4 1 transporter, Thargor's ghost, amateur DjFE


Innate Abilities, Weirdness & Mutations

You are a tree.
Your roots penetrate the ground, keeping you stationary.
You cannot be teleported.
You are immune to unholy pain and torment.
Your maximum health is greatly increased.
Your equipment is partially melded.
You are too large for most types of armour.
((You have tough skin. (AC +1)))
You possess an exceptional clarity of mind.
Your body sometimes deteriorates upon taking damage.


Message History

The orc hits you but does no damage. x2; You are electrocuted!
* * * LOW HITPOINT WARNING * * *
The hound bites you but does no damage.
The orc warrior is attracted toward you.
You cannot teleport because you are held in place by your roots.
Unknown command.
The hound bites you but does no damage. The wight hits you but does no damage.
The orc hits you but does no damage. x2
The orc hits you with a +1 whip of electrocution.
* * * LOW HITPOINT WARNING * * *
You are electrocuted!
* * * LOW HITPOINT WARNING * * *
The hound bites you but does no damage. The orc hits you but does no damage.
The wight hits you with a +0 short sword.
* * * LOW HITPOINT WARNING * * *
You feel drained.
The orc hits you with a +1 whip of electrocution.
* * * LOW HITPOINT WARNING * * *
The orc hits you but does no damage.
The orc wizard mumbles some strange words.
The orc wizard flickers and vanishes!
The hound bites you but does no damage. The hound bites you but does no damage.
The wight hits you but does no damage.
The orc hits you but does no damage. x2; The orc hits you with a +0 mace.
* * * LOW HITPOINT WARNING * * *
The orc hits you but does no damage. Something is attracted toward you.
The orc wizard is attracted toward you.
Unknown command.
The hound bites you but does no damage. The orc hits you but does no damage.
The wight hits you but does no damage. The orc hits you but does no damage.
The orc hits you with a +0 hand axe.
* * * LOW HITPOINT WARNING * * *
The orc hits you but does no damage.
The orc wizard casts a spell.
The orc wizard flickers and vanishes!
The hound bites you.
* * * LOW HITPOINT WARNING * * *
Something is attracted toward you. The hound bites you but does no damage.
The orc hits you but does no damage. The wight hits you but does no damage.
The orc hits you but does no damage. The orc hits you with a +0 mace.
You die...

##.....##..
#######
##.........)
..##.....##
#..........(
..........##
#...........
...........#
#...........
........$..#
#.....FY....
...........#
#...........
.......o...#
#.....>.....
......ch♣o.#
##..........
.......zoo.#
#..........
........o.##
#o..........
..#.....{##
#o.o........
#..#.##Y
.o...........
##.#. #§#
##...........
#.#.#..§
............
.#......
#####
.#.o.....


You could see an orc warrior, a sky beast (wandering), a centaur, a hound, a
wight and 4 orcs.

Vanquished Creatures
  A yak (D:8)
  A black bear (D:7)
  A sky beast (D:8)
  An ogre (D:2)
  A centaur (D:8)
  A scorpion (D:4)
  2 jellies (D:4)
  3 orc priests
  A hound (D:4)
  3 orc wizards
  2 iguanas (D:5)
  4 adders
  A worm (D:3)
  A dart slug (D:3)
  11 orcs
  7 ball pythons
  6 endoplasms
  6 giant cockroaches
  5 goblins
  7 hobgoblins
  6 quokkas
  3 bats
  2 frilled lizards (D:1)
  4 kobolds
  6 rats
86 creatures vanquished.

Notes
Turn   | Place    | Note
-------+----------+-------------------------------------------
     0 | D:1      | Bruhh the Ogre Earth Elementalist began the quest for the
                  | Orb.
     0 | D:1      | Reached XP level 1. HP: 16/16 MP: 3/3
   136 | D:1      | Reached XP level 2. HP: 22/24 MP: 0/5
   253 | D:1      | Reached skill level 3 in Spellcasting
   496 | D:1      | Reached XP level 3. HP: 27/31 MP: 3/7
   930 | D:2      | Learned a level 3 spell: Stone Arrow
  1441 | D:2      | Reached XP level 4. HP: 39/39 MP: 7/9
  1528 | D:2      | Noticed an ogre
  1533 | D:2      | Killed an ogre
  1534 | D:2      | Reached skill level 4 in Spellcasting
  1534 | D:2      | Reached XP level 5. HP: 45/45 MP: 5/11
  2597 | D:3      | Reached skill level 5 in Spellcasting
  2597 | D:3      | Reached XP level 6. HP: 45/53 MP: 4/13
  3011 | D:3      | Found a blossoming altar of Fedhas.
  3038 | D:3      | Found a burning altar of Makhleb.
  3199 | D:4      | Reached skill level 5 in Earth Magic
  3253 | D:4      | Reached skill level 1 in Conjurations
  3344 | D:4      | Found a transporter.
  3495 | D:4      | Noticed Thargor's ghost (amateur DjFE)
  3833 | D:4      | Found a staircase to the Ecumenical Temple.
  3916 | D:4      | Reached XP level 7. HP: 50/59 MP: 5/15
  4247 | Temple   | Entered the Ecumenical Temple
  4513 | Temple   | Became a worshipper of Cheibriados the Contemplative
  4599 | D:5      | Entered Level 5 of the Dungeon
  4853 | D:5      | You fall into a shaft and drop 3 floors!
  4950 | D:8      | Reached skill level 6 in Spellcasting
  5190 | D:8      | Noticed a yak
  5191 | D:8      | Noticed a yak
  5192 | D:8      | Noticed a yak
  5193 | D:8      | Noticed a yak
  5195 | D:8      | Killed a yak
  5196 | D:8      | Reached XP level 8. HP: 67/67 MP: 7/17
  5212 | D:7      | Reached skill level 5 in Conjurations
  5217 | D:7      | Gained mutation: You sometimes lose the ability to read
                  | scrolls when taking damage. [potion of mutation]
  5217 | D:7      | Lost mutation: You sometimes lose the ability to read
                  | scrolls when taking damage. [potion of mutation]
  5217 | D:7      | Gained mutation: Your body sometimes deteriorates upon
                  | taking damage. [potion of mutation]
  5217 | D:7      | Gained mutation: You possess an exceptional clarity of
                  | mind. [potion of mutation]
  5218 | D:7      | HP: 1/67 [orc/+1 whip of electrocution (6)]
  5227 | D:7      | HP: 4/99 [orc/+0 mace (6)]
  5228 | D:7      | HP: 1/99 [hound (1)]
  5229 | D:7      | Slain by an orc

Illustrated notes

Levels and vault maps discovered:
D:1:      dpeg_arrival_rhombi, layout_basic, corexii_leaking_fountain
D:2:      layout_basic, chequers_decorated_corner, serial_park_tiny_pond,
          minmay_misc_feat_tiny
D:3:      layout_loops_ring, mainiacjoe_overflow_two_lobes
D:4:      layout_cave_pods, lemuel_temple_firewalk_b, gammafunk_ghost_smash
D:5:      layout_gridville, amcnicky_mini_pool_small
D:7:      layout_rooms, serial_shops, nicolae_shop_window_shopping,
          serial_bayou_pond_a, fountainhead
D:8:      layout_basic
Temple:   mainiacjoe_temple_big_plus

Skill      XL: |  1  2  3  4  5  6  7  8 |
---------------+-------------------------+-----
Earth Magic    | 3 4 5 |  5.0
Spellcasting   | 3 4 5 6 |  6.0
Conjurations   | 2 4 5 |  5.4
Dodging        | |  1.7
Stealth        | |  1.4
Transmutations | |  0.8

Action                   |  1- 3 |  4- 6 |  7- 9 || total
-------------------------+-------+-------+-------++-------
Melee: Unarmed           |     7 |     1 |       ||     8
       Hand axe          |       |     1 |       ||     1
 Cast: Sandblast         |    50 |    79 |    21 ||   150
       Stone Arrow       |       |       |    11 ||    11
  Use: Potion            |       |       |     8 ||     8
       Scroll            |       |       |     1 ||     1
Armor: Robe              |     5 |    12 |     7 ||    24
       Skin              |       |       |    30 ||    30
Dodge: Dodged            |    24 |    18 |     7 ||    49

Table legend: (Time is in decaauts)
 A = Elapsed time spent in this place.
 B = Non-inter-level travel time spent in this place.
 C = Inter-level travel time spent in this place.
 D = Time resting spent in this place.
 E = Time spent auto-exploring this place.
 F = Levels seen in this place.
 G = Mean time per level.
                   A        B        C        D        E       F      G
               +--------+--------+--------+--------+--------+-----+--------+
         Total |   5315 |   5067 |    248 |     11 |   4489 |   8 |  664.4 |
       Dungeon |   5020 |   4861 |    159 |     11 |   4299 |   7 |  717.1 |
        Temple |    294 |    205 |     89 |      0 |    190 |   1 |  294.0 |
               +--------+--------+--------+--------+--------+-----+--------+

Top non-repeatable levels by time:
     D:2: 1278 daAuts
     D:4: 1178 daAuts
     D:3: 1044 daAuts
     D:1: 826 daAuts
     D:8: 369 daAuts
     D:5: 297 daAuts
  Temple: 294 daAuts
     D:7: 26 daAuts
